 Dungeon Crawl Stone Soup version 0.32-a0-711-g016ad743e0 (webtiles) character file.

Game seed: 13810261551869861616

113 runemasterragnar the Grasshopper (level 4, -2/34 HPs)
             Began as a Coglin Warper on Mar 15, 2024.
             Slain by Robin
             ... wielding a +0 club
              (6 damage)
             ... on level 4 of the Dungeon.
             The game lasted 00:04:57 (2366 turns).

runemasterragnar the Grasshopper (Coglin Warper)    Turns: 2366, Time: 00:04:58

Health: -2/34      AC:  0    Str: 12 (13) XL:     4   Next: 96%
Magic:  7/7        EV: 13    Int:  9 (12) God:
Gold:   202        SH:  0    Dex: 12 (14) Spells: 2/7 levels left

rFire   . . .        j - melded +1 falchion (venom) {Cuetlachtli}
rCold   . . .        s - melded +1 whip (venom) {Raimund}
rNeg    . . .        n - melded +0 chain mail
rPois   .            (helmet currently unavailable)
rElec   .            (cloak currently unavailable)
rCorr   .            (gloves currently unavailable)
SInv    .            g - melded +0 pair of boots
Will    .....        (no amulet)
Stlth   +            (ring currently unavailable)
HPRegen 0.25/turn    (ring currently unavailable)
MPRegen 0.10/turn    (no gizmo)

%: no passive effects
@: mighty, pig-form, hasted, very quick
A: fast, no casting, small, (off-hand wielding), (slow wielding), (warmup
strikes), (no jewellery)
a: Invent Gizmo


You were on level 4 of the Dungeon.
You were a filthy swine.
You visited 1 branch of the dungeon, and saw 4 of its levels.

You collected 202 gold pieces.

Inventory:

Hand Weapons
 a - a +0 mace {Dejan}
 e - a +0 dagger {Hilda}
 j - a +1 falchion of venom (melded) {Cuetlachtli}
 m - a +0 dagger of freezing {Balvinder}
 s - a +1 whip of venom (melded) {Raimund}
Missiles
 d - 7 darts of dispersal (quivered)
 u - a boomerang
Armour
 b - a +0 leather armour
 g - a +0 pair of boots (melded)
 n - a +0 chain mail (melded)
Talismans
 i - a beast talisman
Wands
 t - a wand of flame (26)
Scrolls
 c - a scroll of blinking
 k - 3 scrolls of teleportation {unknown}
 w - a scroll of vulnerability {unknown}
Potions
 f - 2 potions of lignification
 h - a potion of heal wounds
 o - a potion of resistance
 p - a potion of enlightenment
 q - a potion of haste


   Skills:
 + Level 2.7 Fighting
 - Level 0.1 Long Blades
 - Level 2.3 Maces & Flails
 + Level 1.7 Throwing
 + Level 1.7 Armour
 - Level 1.8 Dodging
 + Level 2.3 Spellcasting
 + Level 3.4 Translocations


You had 2 spell levels left.
You knew the following spells:

 Your Spells              Type           Power      Damage    Failure   Level
a - Blink                 Tloc           14%        N/A       12%         2
b - Teleport Other        Tloc           7%         N/A       24%         3

Your spell library contained the following spells:

 Spells                   Type           Power      Damage    Failure   Level
 Lesser Beckoning         Tloc           14%        N/A       12%         2
 Shock                    Conj/Air       4%         1d3       32%         1
 Sublimation of Blood     Necr           1%         N/A       43%         2
 Gell's Gravitas          Tloc           7%         N/A       24%         3
 Manifold Assault         Tloc           7%         N/A       61%         4
 Swiftness                Air            1%         N/A       67%         3
 Vhi's Electric Charge    Tloc/Air       8%         N/A       85%         4
 Airstrike                Air            0%         2d(1-17)  97%         4
 Petrify                  Alch/Erth      1%         N/A       97%         4
 Arcjolt                  Conj/Air       0%         1d10      100%        5
 Irradiate                Conj/Alch      0%         3d11      100%        5
 Maxwell's Capacitive Co  Air            0%         ∞         100%        8


Dungeon Overview and Level Annotations

Branches:
Dungeon (4/15)
 Temple: D:4-7

Altars:
Nemelex Xobeh

Annotations:
D:4 Robin


Innate Abilities, Weirdness & Mutations

You are a filthy swine.
You move quickly.
Your equipment is almost entirely melded.
You are incapable of wielding weapons or throwing items.
You cannot cast spells.
((You can wield a second weapon in your off-hand.))
((It takes a long time for you to wield or remove held weapons.))
((Your first few attacks do less damage.))
((You cannot equip rings or amulets.))


Message History

Robin is lightly wounded.
A hobgoblin comes into view.
The goblin barely misses you. Robin hits you with a +0 club.
The goblin hits you with a +0 club.
Unknown command.
You hit Robin.
Robin is moderately wounded.
The goblin barely misses you. Robin barely misses you.
The goblin barely misses you.
You hit Robin but do no damage.
Robin is moderately wounded.
The goblin hits you with a +0 club. The goblin barely misses you.
Robin roars a battlecry!
The hobgoblin goes into a battle-frenzy!
You hit Robin but do no damage.
Robin is moderately wounded.
The goblin hits you with a +0 club. The goblin misses you.
You barely miss Robin.
Robin is moderately wounded.
Unknown command.
You feel yourself speed up. The goblin hits you with a +0 club.
The goblin closely misses you. Robin hits you with a +0 club.
Unknown command.
You feel much better. Robin barely misses you.
The goblin hits you with a +0 club. The goblin completely misses you.
Unknown command.
It was a potion of degeneration.
There was something very wrong with that liquid.
You feel weakened.
You feel dopey.
You feel clumsy.
The goblin hits you with a +0 club. x2; Robin hits you with a +0 club.
It was a potion of might.
You feel very mighty all of a sudden.
Okay, then.
You barely miss Robin.
Robin is moderately wounded.
The goblin hits you with a +0 club. The goblin hits you with a +0 club!
* * * LOW HITPOINT WARNING * * *
Robin hits you with a +0 club.
You die...
Robin calls out, "Let's celebrate!
Time for a feast!"

......⌠.⌠. #.####.#
#.#...._. #.####.##
.#).#⌠.⌠ #.#.....# .
....# #.#.##..##
#.#.#.#####.........
#.#.#..........##.##
#.....########.##.##
....##g### #.##... #
#h# #.#####
#..g#ggg# #.#####
#..# #ggg... #...<..
#.. #g#... ###..).
... g# .. #.... ###.
# #.... # #....
#.... #=...


You could see Robin, 2 hobgoblins and 7 goblins.

Vanquished Creatures
  2 adders (D:2)
  A gnoll (D:1)
  2 dart slugs
  A ribbon worm (D:3)
  6 orcs
  7 bats
  3 endoplasms
  2 giant cockroaches (D:1)
  10 goblins
  3 hobgoblins
  5 jackals (D:1)
  2 quokkas
  8 ball pythons
  6 frilled lizards
  7 kobolds
  5 rats
70 creatures vanquished.

Notes
Turn   | Place    | Note
-------+----------+-------------------------------------------
     0 | D:1      | runemasterragnar the Coglin Warper began the quest for the
                  | Orb.
     0 | D:1      | Reached XP level 1. HP: 16/16 MP: 3/3
   120 | D:1      | Reached skill level 1 in Throwing
   154 | D:1      | Reached skill level 1 in Armour
   158 | D:1      | Reached XP level 2. HP: 18/22 MP: 4/4
   253 | D:1      | Reached XP level 3. HP: 13/27 MP: 6/6
   972 | D:2      | Reached XP level 4. HP: 22/34 MP: 7/7
  1288 | D:2      | Learned a level 2 spell: Blink
  1524 | D:2      | Learned a level 3 spell: Teleport Other
  2350 | D:4      | Found a sparkling altar of Nemelex Xobeh.
  2354 | D:4      | Noticed Robin
  2366 | D:4      | Slain by Robin

Illustrated notes

Levels and vault maps discovered:
D:1:      roderic_dead_forest, layout_basic, minmay_nonomino_d4
D:2:      layout_basic, dk_noncrumbling_4, minmay_tall_x
D:3:      layout_rooms
D:4:      layout_loops_cross, nicolae_overflow_squiral,
          nemelex_xobeh_ov_fountains_minmay, minmay_temple_entry_grid,
          st_stairs_1, grunt_ministairs_11, uniq_robin

Skill      XL: |  1  2 |
---------------+-------+-----
Throwing       | 1 |  1.7
Armour         | 1 |  1.7
Maces & Flails | 2 |  2.3
Spellcasting   | 2 |  2.3
Fighting       | |  2.7
Long Blades    | |  0.1
Dodging        | |  1.8
Translocations | |  3.4

Action                     |  1- 3 |  4- 6 || total
---------------------------+-------+-------++-------
  Melee: Mace              |    88 |    11 ||    99
         Dagger            |    86 |    21 ||   107
         Falchion          |       |    39 ||    39
         Whip              |       |    23 ||    23
         Unarmed           |       |     6 ||     6
    Use: Scroll            |     1 |     5 ||     6
         Potion            |       |     4 ||     4
   Stab: Sleeping          |     1 |       ||     1
 Armour: Leather armour    |    81 |     3 ||    84
         Chain mail        |       |    42 ||    42
         Skin              |       |    15 ||    15
  Dodge: Dodged            |    86 |    30 ||   116
         Form:             |       |     1 ||     1
         Beast             |       |     1 ||     1

Table legend: (Time is in decaauts)
 A = Elapsed time spent in this place.
 B = Non-inter-level travel time spent in this place.
 C = Inter-level travel time spent in this place.
 D = Time resting spent in this place.
 E = Time spent auto-exploring this place.
 F = Levels seen in this place.
 G = Mean time per level.
                   A        B        C        D        E       F      G
               +--------+--------+--------+--------+--------+-----+--------+
         Total |   2385 |   2289 |     96 |    174 |   1566 |   4 |  596.2 |
       Dungeon |   2385 |   2289 |     96 |    174 |   1566 |   4 |  596.2 |
               +--------+--------+--------+--------+--------+-----+--------+

Top non-repeatable levels by time:
     D:2: 1003 daAuts
     D:1: 845 daAuts
     D:3: 483 daAuts
     D:4: 53 daAuts
